aen, chaotic female human Rogue --- ------------------ --- |.| |................|--------------|.-- ---- |.| |................|.!(|..|...|...|..| |..| |.| ..-- --.........|?.I|..| ..|...|..| |..| |.| |..| |..-----..|...|..|-+.--|--..| |.-- --.-----..| ---|(..|..--|---|-...[.....-- |.| ... .....| |((.-........%.....--.-..|---.| .. ....| |((.|......--+-...|......|-...| ...- -...| -+------..{...| |...-...|..|....| ..|.| +...| |.............| |...|...|....--.- . |.| .|...| --+-.....---|-------------.|..|--.. -- --------.---.---....--+--..|..-|-|...................-- -... |..................|...........|..|..|----....---------.. ..| ----------.-----...|..#.....----..|..|.+F-....|......||..# .-- |.|--.....|-....{........|..|.[.|...*-...@q.||.. -- |.|.......--..|....#.....--------....|..&...||.. --.|<..........|-.....................---------I| |............--------------...---...............| |....--......| --..| |...............| --[------..--- |..| ----.|..|.| --..| --- ---- ---- -------- ---- aen the Rogue Experience level: 7 Strength: 14 Dexterity: 18 Constitution: 14 Intelligence: 11 Wisdom: 14 Charisma: 10 Health: 0(43) Energy: 35(35) Def: 12 Gold: 0 Moves: 4822 Dungeon seed: 9FmuvpOSKrCGM9YO Game ID: aen_1529463352 Your Inventory: Weapons b - 10 +0 daggers (in quiver) m - 5 +0 daggers S - a blessed +0 dwarvish short sword (weapon in hand) W - 10 +0 daggers Z - 19 +0 darts Armor e - an uncursed +0 elven cloak (being worn) i - an uncursed +0 pair of jumping boots (being worn) r - an uncursed +1 elven mithril-coat (being worn) y - an uncursed +0 elven mithril-coat Q - an uncursed +0 dwarvish iron helm (being worn) R - an uncursed +0 dwarvish roundshield (being worn) Comestibles a - an uncursed lembas wafer l - 2 uncursed food rations s - an uncursed lembas wafer u - an uncursed partly eaten food ration Scrolls v - 2 uncursed scrolls of destroy armor Potions c - an uncursed potion of sickness k - an uncursed potion of levitation Tools d - an uncursed lock pick f - an uncursed sack g - 4 blessed tallow candles (0:200) j - an uncursed wax candle (0:400) w - an uncursed oil lamp (0:1257) x - an uncursed skeleton key E - an uncursed skeleton key X - 7 uncursed tallow candles (0:200) Gems h - an uncursed jet stone n - 3 uncursed worthless pieces of red glass q - 3 uncursed worthless pieces of blue glass z - 2 uncursed worthless pieces of green glass L - 3 uncursed worthless pieces of black glass M - an uncursed chrysoberyl stone N - 2 uncursed worthless pieces of yellowish brown glass Contents of the sack: 251 gold pieces an uncursed scroll of charging a blessed scroll of enchant armor an uncursed scroll of enchant armor an uncursed scroll of enchant weapon an uncursed scroll of identify a blessed scroll of stinking cloud a wand of polymorph (0:5) Spells and supernatural/magical abilities: Name Level Category Fail Memory f - fireball 4 attack 100% 83% t - teleport away 6 escape 100% 88% W - pray for help -- divine ? -- Y - supernatural jump -- ability ? -- Your skills at the end: Fighting Skills Weapon Skills dagger [Basic] short sword [Basic] Spellcasting Skills Final Attributes: You were piously aligned. You were hallucinating. You were stealthy. You could jump. You are dead. Vanquished creatures: a dwarf king a black light an orc mummy a Green-elf a dwarf lord a raven a gnome mummy a yellow light a violet fungus 5 gnome lords a gnomish wizard a red naga hatchling a golden naga hatchling 4 giant ants a little dog 2 kittens 8 dwarves a kobold shaman 2 rabid rats a centipede a giant bat a wererat an iguana a killer bee an acid blob a gas spore 2 hobbits a giant rat a brown mold 20 gnomes 15 garter snakes 2 geckos 7 jackals a fox a kobold 3 goblins 2 sewer rats 7 grid bugs 4 bats a lichen 8 newts and a partridge in a pear tree 117 creatures vanquished. Voluntary challenges: You used a wielded weapon 93 times, starting on turn 2. You read items or engraved 69 times, starting on turn 911. You never genocided any monsters. You never polymorphed an object. You never changed form. You used no wishes. You never split a pudding. You wrote Elbereth's name 7 times, starting on turn 2925. You never violated your personal moral code. Dungeon overview: The Dungeons of Doom: levels 1 to 5 Level 1 some fountains a long staircase Level 2 some fountains Level 3 a scroll shop, a fountain Level 4 some fountains stairs to The Gnomish Mines Level 5 The Gnomish Mines: levels 5 to 7 Level 5 stairs to The Dungeons of Doom Level 6 Level 7 <- You were here some shops, a temple to Issek, some fountains, some trees History has recorded: On T:1 you entered the Dungeons of Doom to retrieve the Amulet of Yendor! On T:247 you reached level 2 of The Dungeons of Doom. On T:658 you reached level 3 of The Dungeons of Doom. On T:1003 you advanced to experience level 2. On T:1357 you advanced to experience level 3. On T:1634 you reached level 4 of The Dungeons of Doom. On T:1803 you reached level 1 of The Gnomish Mines. On T:2084 you reached level 5 of The Dungeons of Doom. On T:2344 you advanced to experience level 4. On T:2822 you advanced to experience level 5. On T:3373 you reached level 2 of The Gnomish Mines. On T:3430 you advanced to experience level 6. On T:3613 you reached level 3 of The Gnomish Mines. On T:4211 you advanced to experience level 7. Score breakdown: Gold: 251 ( 8168 points) Experience: 7 levels (13645 points) Exploration: 7 levels ( 14.00%) (10497 points) Discoveries: 12 items ( 4.03%) ( 6020 points) Valuables value: (no points given unless you survive) Artifact value: 0 ( 0 points) Variety of kills: 41 monsters ( 10.76%) ( 9841 points) Turncount: 4822 turns (-1301 points) Survival: died (score multiplied by 80%) Total score: 37496 Latest messages: The baby yellow dragon misses. The black light misses. The fire vortex misses. The youma hits! The green slime misses. Morgoth just misses! The jabberwock hits! The yellow light hits! The smurf bites! The dagger hits the shocking sphere. The red mold hits! The killer tomato misses. The winged gargoyle just misses! You throw 2 daggers. The 1st dagger hits the tribble. The 2nd dagger hits the black naga hatchling. The grue hits! The lion-dog hits! The floating eye bites! The dagger hits the black dragon. The black dragon hits! The trapper hits! You die... Final status: Goodbye aen the Rogue, killed by a hallucinogen-distorted lynx... You died in The Gnomish Mines on dungeon level 7 with 37496 points, and 251 pieces of gold, after 4822 moves. You were level 7 with a maximum of 43 hit points when you died.